 Dungeon Crawl Stone Soup version 0.28-a0-909-g796cbd3a86 (webtiles) character file.

Game seed: 10261332825858943335

130 mainiacjoe the Magician (level 5, 0/35 HPs)
             Began as a Djinni Hedge Wizard on Nov 24, 2021.
             Slain by a goblin (2 damage)
             ... led by Robin
             ... on level 3 of the Dungeon.
             The game lasted 00:08:51 (3787 turns).

mainiacjoe the Magician (Djinni Hedge Wizard)       Turns: 3787, Time: 00:08:51

Health: 0/35       AC:  9    Str:  9    XL:     5   Next: 36%
Gold:   83         EV: 12    Int: 16    God:
                   SH:  0    Dex: 13

rFire   + + .      SeeInvis .   a - +1 dagger (protect)
rCold   x . .      Faith    .   (no shield)
rNeg    . . .      Spirit   .   b - +0 robe
rPois   ∞          Reflect  .   c - +0 hat
rElec   .          Harm     .   (no cloak)
rCorr   .          Rampage  .   (no gloves)
Will    .....                   (boots unavailable)
Stlth   ++........              (no amulet)
HPRegen 0.11/turn               (no ring)
MPRegen 0.00/turn               (no ring)

@: under a protective aura, flying
A: sickness immunity, fire resistance 2, cold vulnerability 1, float, innate
caster, hp casting, extra vitality 1
a: no special abilities


You were on level 3 of the Dungeon.
You visited 1 branch of the dungeon, and saw 3 of its levels.

You collected 83 gold pieces.

Inventory:

Hand Weapons
 a - a +1 dagger of protection (weapon)
 d - a +0 dagger
 o - a +0 flail
 p - a +0 hand axe
 r - a +1 dagger of speed
Missiles
 g - 33 stones
 l - a throwing net {=F}
 m - 33 arrows
 n - 13 poisoned darts
 s - 22 bolts
Armour
 b - a +0 robe (worn)
 c - a +0 hat (worn)
Scrolls
 e - a scroll of enchant armour {unknown}
 h - a scroll of noise {unknown}
 j - a scroll of magic mapping {unknown}
 k - 2 scrolls of identify {unknown}
Potions
 f - a potion of flight {unknown}
 i - 2 potions of curing {unknown}
 q - a potion of attraction {unknown}


   Skills:
 - Level 2.1 Dodging
 - Level 1.5 Stealth
 + Level 4.4 Spellcasting


You couldn't memorise any spells.
You knew the following spells:

 Your Spells              Type           Power      Damage    Failure   Level
a - Magic Dart            Conj           68%        1d6       2%          1
b - Call Imp              Summ           17%        N/A       4%          2
c - Scorch                Fire           34%        2d7       4%          2
d - Slow                  Hex            68%        N/A       2%          1
e - Conjure Flame         Conj/Fire      17%        6-21      8%          3
f - Mephitic Cloud        Conj/Pois/Air  17%        N/A       8%          3
g - Beastly Appendage     Tmut           34%        N/A       2%          1
k - Blink                 Tloc           34%        N/A       4%          2
Your spell library was empty.

Dungeon Overview and Level Annotations

Branches:
Dungeon (3/15)

Altars:

Annotations:
D:3 Robin


Innate Abilities, Weirdness & Mutations

You are immune to sickness and miasma.
You are immune to poison.
Your flesh is very heat resistant. (rF++)
You are vulnerable to cold. (rC-)
You float through the air rather than walking.
You learn spells naturally, not from books.
Your magical power is your life essence.
You have superior vitality. (+4 HP)


Message History

Your crimson imp disappears in a puff of smoke!
The goblin misses you.
Unknown command.
Casting: Call Imp (safe; 4% risk of failure)
Confirm with . or Enter, or press ? or * to list all spells.
A metallic apparition takes form in the air.
Your shadow imp disappears in a puff of smoke!
Robin hits you with a +0 club. The goblin misses you.
Casting: Call Imp (safe; 4% risk of failure)
Confirm with . or Enter, or press ? or * to list all spells.
A beastly little devil appears in a puff of flame.
Your iron imp disappears in a puff of smoke!
Robin misses you. The goblin closely misses you.
Unknown command.
Your crimson imp blinks!
The goblin barely misses you.
The goblin no longer looks unusually strong.
Robin throws the goblin at you! The goblin hits you with a +0 dagger.
* * * LOW HITPOINT WARNING * * *
The goblin hits you with a +0 club.
* * * LOW HITPOINT WARNING * * *
Your crimson imp hits the goblin.
The goblin dies!
Robin throws the goblin at you!
Your crimson imp completely misses the goblin.
The goblin hits you with a +0 club.
* * * LOW HITPOINT WARNING * * *
Things that are here:
a +0 dagger; a goblin corpse You barely miss the goblin.
Robin's bangles clink loudly.
Robin roars a battlecry!
The goblin goes into a battle-frenzy!
The goblin barely misses you.
Your crimson imp barely misses the goblin.
You hit the goblin but do no damage.
Your weapon exudes an aura of protection.
A goblin comes into view. It is wielding a +0 dagger.
The goblin hits you with a +0 club.
You die...

#...# ### #.#.# #.##.
#...# .)# #.#.######.##.
###.###.).# #.#
#.#...........
g(........# #.#
#.###.####.###
g...###.†## #.# #.# #.#
#.# #
#..#######.###.###.# #.#
#..g....##.##...##.# #.#
##....)....†....##.####.#
######gg.@g............#
####5.......#######
##.....<.# ###...###
#...# #####


You could see Robin, 3 goblins and a friendly crimson imp (summoned).

Vanquished Creatures
  3 gnolls (D:2)
  2 adders (D:3)
  2 dart slugs
  4 endoplasms (D:1)
  2 giant cockroaches (D:1)
  9 goblins
  A hobgoblin (D:2)
  12 kobolds
  2 quokkas (D:1)
  4 ball pythons
  6 bats
  8 frilled lizards
  14 rats
69 creatures vanquished.

Vanquished Creatures (collateral kills)
  A gnoll (D:2)
  A giant cockroach (D:1)
  A goblin (D:3)
  A rat (D:2)
4 creatures vanquished.

Vanquished Creatures (others)
  9 plants
9 creatures vanquished.

Grand Total: 82 creatures vanquished

Notes
Turn   | Place    | Note
-------+----------+-------------------------------------------
     0 | D:1      | mainiacjoe the Djinni Hedge Wizard began the quest for the
                  | Orb.
     0 | D:1      | Reached XP level 1. HP: 15/15 MP: 0/0
   156 | D:1      | Reached XP level 2. HP: 12/21 MP: 0/0
   280 | D:1      | Found a faded altar of an unknown god.
   396 | D:1      | Reached skill level 3 in Spellcasting
   565 | D:1      | Reached XP level 3. HP: 14/25 MP: 0/0
   565 | D:1      | Learned a level 1 spell: Beastly Appendage
  1795 | D:2      | Reached XP level 4. HP: 7/31 MP: 0/0
  2732 | D:2      | Reached skill level 4 in Spellcasting
  3230 | D:3      | Reached XP level 5. HP: 33/35 MP: 0/0
  3230 | D:3      | Learned a level 2 spell: Scorch
  3765 | D:3      | Noticed Robin
  3787 | D:3      | Slain by a goblin

Illustrated notes

Levels and vault maps discovered:
D:1:      tarquinn_simple_flora_water_c, layout_loops_ring,
          dreamdust_ecumenical_altar_statues, lexackson_kobold_supper
D:2:      cheibrodos_old_hovel, layout_basic, kennysheep_another_room,
          grunt_ministairs_13
D:3:      layout_loops_ring, uniq_robin

Skill      XL: |  1  2  3  4 |
---------------+-------------+-----
Spellcasting   | 3 4 |  4.4
Dodging        | |  2.1
Stealth        | |  1.5

Action                   |  1- 3 |  4- 6 || total
-------------------------+-------+-------++-------
Melee: Dagger            |     4 |     5 ||     9
       Hand axe          |    18 |     7 ||    25
 Cast: Magic Dart        |    77 |    55 ||   132
       Call Imp          |     3 |    18 ||    21
       Beastly Appendage |       |     2 ||     2
       Scorch            |       |     7 ||     7
 Stab: Sleeping          |     2 |     1 ||     3
Armor: Robe              |     5 |     4 ||     9
Dodge: Dodged            |    16 |    17 ||    33

Table legend: (Time is in decaauts)
 A = Elapsed time spent in this place.
 B = Non-inter-level travel time spent in this place.
 C = Inter-level travel time spent in this place.
 D = Time resting spent in this place.
 E = Time spent auto-exploring this place.
 F = Levels seen in this place.
 G = Mean time per level.
                   A        B        C        D        E       F      G
               +--------+--------+--------+--------+--------+-----+--------+
         Total |   3795 |   3704 |     91 |    409 |   2887 |   3 | 1265.0 |
       Dungeon |   3795 |   3704 |     91 |    409 |   2887 |   3 | 1265.0 |
               +--------+--------+--------+--------+--------+-----+--------+

Top non-repeatable levels by time:
     D:1: 2130 daAuts
     D:2: 1101 daAuts
     D:3: 562 daAuts
